Map: Newkirk Precinct TE (Void)

Players

MaNa

  • Race: Protoss Protoss
  • Spawn Location: 5:00

Lambo - Winner!

  • Race: Zerg Zerg
  • Spawn Location: 7:00

Event: WCS Austin 2017

VOD

Have the link to the VOD?

Description

Time

  • Played on: April 28, 2017, 8:47 p.m.
  • Length: 8:40

All games in this series

Show
View Real Time Build Order
Export as new Build Order

MaNa Protoss 

Build Orders: 1 Gate Expand, Zealot Archon 

Get SALT Encoding   

  12  0:00  Probe (Chrono Boost)  
  13  0:11  Probe (Chrono Boost)  
  14  0:18  Pylon  
  14  0:23  Probe (Chrono Boost)  
  15  0:36  Probe (Chrono Boost)  
  15  0:42  Gateway  
  16  0:46  Probe (Chrono Boost)  
  16  0:49  Assimilator  
  18  0:57  Probe (Chrono Boost)  
  18  1:07  Probe (Chrono Boost)  
  19  1:18  Probe (Chrono Boost)  
  20  1:28  Nexus  
  20  1:37  Cybernetics Core  
  20  1:40  Probe (Chrono Boost)  
  20  1:46  Assimilator  
  21  1:51  Probe (Chrono Boost)  
  22  1:57  Pylon  
  22  2:01  Probe (Chrono Boost)  
  23  2:11  Stalker  
  23  2:15  Warp Gate  
  26  2:16  Probe (Chrono Boost)  
  26  2:28  Probe (Chrono Boost)  
  27  2:37  Twilight Council  
  27  2:39  Probe (Chrono Boost)  
  27  2:41  Adept  
  27  2:43  Probe (Chrono Boost)  
  30  2:49  Probe (Chrono Boost)  
  31  2:54  Probe (Chrono Boost)  
  32  3:02  Probe (Chrono Boost)  
  32  3:03  Robotics Facility  
  32  3:04  Probe (Chrono Boost)  
  34  3:07  Resonating Glaives  
  35  3:12  Probe (Chrono Boost)  
  35  3:15  Probe (Chrono Boost)  
  36  3:23  Probe (Chrono Boost)  
  36  3:25  Probe (Chrono Boost)  
  36  3:26  Gateway  
  38  3:33  Probe (Chrono Boost)  
  39  3:36  Probe (Chrono Boost)  
  39  3:37  Gateway  
  40  3:44  Probe (Chrono Boost)  
  40  3:45  Warp Prism  
  40  3:47  Probe (Chrono Boost)  
  44  3:59  Gateway  
  44  4:00  Gateway  
  44  4:05  Gateway  
  44  4:09  Pylon  
  44  4:13  Probe (Chrono Boost)  
  44  4:16  Probe (Chrono Boost)  
  46  4:18  Pylon  
  46  4:23  Dark Shrine  
  46  4:27  Assimilator  
  46  4:28  Assimilator  
  48  4:36  Adept x3  
  52  4:40  Observer  
  52  4:45  Pylon  
  53  4:46  Probe x2 (Chrono Boost)  
  55  5:00  Adept x2  
  55  5:01  Adept  
  55  5:04  Adept x2  
  55  5:06  Adept  
  67  5:10  Pylon  
  63  5:33  Immortal  
  63  5:35  Probe x2 (Chrono Boost)  
  55  5:41  Dark Templar x3  
  55  5:42  Dark Templar  
  65  5:53  Dark Templar  
  65  5:56  Nexus  
  67  6:00  Archon x2  
  67  6:02  Probe (Chrono Boost)  
  67  6:04  Probe (Chrono Boost), Pylon  
  69  6:07  Sentry  
  69  6:08  Sentry  
  73  6:13  Immortal  
  73  6:15  Pylon  
  77  6:26  Probe (Chrono Boost)  
  77  6:28  Probe (Chrono Boost)  
  77  6:31  Sentry x2  
  83  6:36  Gateway  
  83  6:40  Gateway  
  83  6:42  Charge  
  83  6:47  Probe (Chrono Boost)  
  83  6:49  Probe (Chrono Boost)  
  83  6:52  Gateway  
  85  6:54  Immortal  
  89  7:09  Probe x2 (Chrono Boost)  
  89  7:10  Assimilator, Probe (Chrono Boost)  
  89  7:14  Assimilator  
  92  7:17  Templar Archives  
  92  7:20  Dark Templar  
  94  7:23  Probe x2 (Chrono Boost)  
  94  7:25  Probe (Chrono Boost)  
  94  7:28  Pylon  
  97  7:31  Immortal  
  97  7:34  Probe x2 (Chrono Boost)  
  103  7:42  Pylon  
  102  7:44  Pylon  
  102  7:48  Pylon  
  102  7:56  Mothership Core (Chrono Boost), Zealot x3  
  102  7:57  Zealot  
  112  8:02  Zealot x2  
  116  8:08  Zealot x2  
  120  8:14  Pylon  
  104  8:20  Zealot x3  
  104  8:23  Zealot  
  90  8:29  Zealot x2  
Show
View Real Time Build Order
Export as new Build Order

Lambo Zerg - Winner!

Build Orders: Hatch First 

Get SALT Encoding   

  12  0:00  Drone  
  13  0:12  Overlord  
  13  0:17  Drone  
  14  0:30  Drone x2  
  14  0:34  Drone  
  17  0:52  Hatchery  
  17  0:55  Drone  
  17  0:59  Drone  
  18  1:07  Drone  
  18  1:10  Extractor  
  18  1:18  Spawning Pool  
  17  1:21  Drone  
  18  1:29  Drone  
  19  1:41  Drone  
  20  1:51  Overlord  
  20  2:04  Queen x2  
  20  2:05  Zergling x4  
  26  2:13  Metabolic Boost  
  26  2:14  Drone  
  27  2:15  Drone  
  28  2:25  Drone x2  
  30  2:32  Drone  
  31  2:41  Hatchery  
  30  2:49  Queen  
  32  2:52  Overlord  
  32  2:56  Drone  
  34  2:58  Drone  
  34  3:03  Drone x2  
  35  3:09  Overlord  
  35  3:15  Drone x2  
  35  3:16  Drone x2  
  39  3:24  Queen  
  39  3:26  Drone  
  42  3:28  Drone  
  42  3:30  Drone  
  44  3:36  Drone  
  44  3:37  Drone  
  44  3:40  Lair  
  46  3:41  Drone  
  46  3:42  Drone  
  46  3:45  Drone  
  49  3:50  Roach Warren  
  49  3:52  Extractor  
  49  3:53  Drone x2  
  49  3:55  Drone  
  50  3:57  Drone  
  50  3:58  Drone  
  50  4:00  Drone  
  53  4:03  Overlord  
  53  4:07  Drone  
  53  4:08  Drone x2  
  53  4:09  Extractor  
  55  4:12  Overlord  
  55  4:26  Overlord  
  55  4:31  Roach x6  
  59  4:35  Overlord  
  71  4:38  Roach x2, Spine Crawler  
  71  4:41  Roach  
  71  4:43  Zergling x2  
  73  4:48  Zergling x8  
  73  4:52  Glial Reconstitution  
  77  4:57  Zergling x6  
  77  4:58  Zergling x4  
  82  5:05  Overlord  
  82  5:06  Roach x2  
  86  5:10  Overlord  
  86  5:11  Roach  
  88  5:20  Roach  
  89  5:28  Drone x5  
  92  5:33  Overseer  
  92  5:35  Drone x6  
  92  5:36  Drone  
  96  5:43  Drone x5  
  96  5:48  Overseer  
  101  5:55  Drone x4  
  105  5:58  Extractor  
  105  5:59  Extractor  
  103  6:04  Overlord  
  103  6:07  Roach  
  103  6:08  Evolution Chamber  
  104  6:17  Overlord x2  
  104  6:19  Hatchery  
  104  6:20  Pneumatized Carapace  
  103  6:28  Roach x5  
  113  6:35  Zerg Missile Weapons Level 1  
  113  6:38  Roach x8  
  129  6:40  Overlord  
  127  6:51  Roach  
  129  6:58  Overlord  
  129  7:00  Overlord, Hatchery  
  127  7:02  Overlord x2  
  127  7:04  Roach  
  127  7:05  Roach x4  
  137  7:10  Overlord x2  
  137  7:14  Overlord  
  137  7:16  Overlord  
  137  7:19  Roach x2  
  137  7:20  Roach x3  
  147  7:25  Roach x2  
  147  7:26  Ravager x2  
  147  7:27  Ravager x5  
  158  7:30  Roach  
  158  7:35  Roach x2  
  164  7:39  Roach x3  
  168  7:45  Roach  
  168  7:46  Roach x2  
  174  7:52  Roach, Zergling x10  
  181  7:59  Roach x2  
  181  8:00  Zergling x6  
  181  8:04  Overseer  
  189  8:05  Roach  
  189  8:06  Zergling x4, Roach  
  191  8:14  Zergling x2  
  191  8:15  Zergling x10  
  182  8:23  Zergling x4  
Tags
 
Add a new tag
Caveats
  • Supply blocks, unpowered buildings, or Contaminate may cause inaccurate times.
  • Supply counts are checked every 10 seconds.